ADL
ADELAIDE CROWS @ MORPHETT VALE RED LEGS
06/16/2022
 
TOP OF THE 1ST
Adelaide Crows batting - Pitching for Morphett Vale Red Legs : LHP Reilley Smith
Pitching: LHP Reilley Smith
Batting: RHB Kip Mackay 0-0: Called Strike
0-1: Ball
1-1: Ball
2-1: Fly out, F8 (Line Drive, 8RD, EV 101.3 MPH)
Batting: LHB Terry Ricketts 0-0: Ground out 1-3 (Groundball, 13S, EV 66.9 MPH)
Batting: RHB Bill Hanson 0-0: Ball
1-0: Foul Ball, location: 23FF
1-1: Ball
2-1: Called Strike
2-2: Strikes out swinging
Top of the 1st over - 0 runs, 0 hits, 0 errors, 0 left on base; Adelaide 0 - Morphett Vale 0
BOTTOM OF THE 1ST
Morphett Vale Red Legs batting - Pitching for Adelaide Crows : RHP Kurt Roberts
Pitching: RHP Kurt Roberts
Batting: LHB Hughie Edge 0-0: Swinging Strike
0-1: Fly out, F5 (Popup, 25F, EV 74.4 MPH)
Batting: RHB Ben Butler 0-0: Ball
1-0: Called Strike
1-1: Ball
2-1: Ball
3-1: Base on Balls
Batting: RHB Lyn Filmer 0-0: Swinging Strike
0-1: Ball
1-1: Swinging Strike
1-2: Foul Ball, location: 2F
1-2: Strikes out swinging
Batting: RHB Zachariah Murdock 0-0: Ball
Ben Butler steals 2nd base
1-0: Fly out, F6 (Popup, 6, EV 64.4 MPH)
Bottom of the 1st over - 0 runs, 0 hits, 0 errors, 1 left on base; Adelaide 0 - Morphett Vale 0
TOP OF THE 2ND
Adelaide Crows batting - Pitching for Morphett Vale Red Legs : LHP Reilley Smith
Batting: RHB J.J. Halloway 0-0: Called Strike
0-1: Swinging Strike
0-2: Strikes out swinging
Batting: SHB Michael Herrick 0-0: Called Strike
0-1: Ball
1-1: Swinging Strike
1-2: Foul Ball, location: 9LDF
1-2: Foul Ball, location: 2F
1-2: DOUBLE (Groundball, 3L, EV 103.8 MPH)
Batting: LHB Corin Campkin 0-0: Ball
1-0: Ball
2-0: Called Strike
2-1: Swinging Strike
2-2: Strikes out swinging
Batting: RHB Bob Bentall 0-0: Called Strike
0-1: Ball
1-1: Called Strike
1-2: Strikes out swinging
Top of the 2nd over - 0 runs, 1 hit, 0 errors, 1 left on base; Adelaide 0 - Morphett Vale 0
BOTTOM OF THE 2ND
Morphett Vale Red Legs batting - Pitching for Adelaide Crows : RHP Kurt Roberts
Batting: RHB Shane Binns 0-0: Fly out, F9 (Line Drive, 9S, EV 101.3 MPH)
Batting: RHB Rutger Mayor 0-0: Called Strike
0-1: Swinging Strike
0-2: Ball
1-2: Ground out 4-3 (Groundball, 4, EV 85.6 MPH)
Batting: RHB Ray Flynn 0-0: Called Strike
0-1: Ball
1-1: Ball
2-1: DOUBLE (Groundball, 3L, EV 96.9 MPH)
Batting: LHB Johnny Dallin 0-0: SINGLE (Groundball, 6S, EV 75.0 MPH) (infield hit)
Ray Flynn to third
Batting: RHB Braith O'Malley 0-0: Called Strike
0-1: Fly out, F3 (Popup, 3S, EV 79.4 MPH)
Bottom of the 2nd over - 0 runs, 2 hits, 0 errors, 2 left on base; Adelaide 0 - Morphett Vale 0
TOP OF THE 3RD
Adelaide Crows batting - Pitching for Morphett Vale Red Legs : LHP Reilley Smith
Batting: RHB Vic Hopoate 0-0: Swinging Strike
0-1: Ball
1-1: Ball
2-1: SOLO HOME RUN (Flyball, 7D, EV 94.4 MPH), Distance : 384 ft
Batting: LHB Brad Carne 0-0: Called Strike
0-1: Ball
1-1: Ball
2-1: Foul Ball, location: 2F
2-2: Ball
3-2: Strikes out swinging
Batting: RHB Kip Mackay 0-0: Called Strike
0-1: Foul Ball, location: 9LMF
0-2: Ball
1-2: Fly out, F9 (Line Drive, 89M, EV 98.8 MPH)
Batting: LHB Terry Ricketts 0-0: Ball
1-0: Ball
2-0: Called Strike
2-1: Foul Ball, location: 7LSF
2-2: Foul Ball, location: 23F
2-2: Fly out, F5 (Line Drive, 5, EV 68.8 MPH)
Top of the 3rd over - 1 run, 1 hit, 0 errors, 0 left on base; Adelaide 1 - Morphett Vale 0
BOTTOM OF THE 3RD
Morphett Vale Red Legs batting - Pitching for Adelaide Crows : RHP Kurt Roberts
Batting: LHB Hughie Edge 0-0: Swinging Strike
0-1: Foul Ball, location: 7LMF
0-2: Foul Ball, location: 3FF
0-2: Fly out, F7 (Flyball, 7D, EV 104.4 MPH)
Batting: RHB Ben Butler 0-0: Called Strike
0-1: Called Strike
0-2: Strikes out swinging
Batting: RHB Lyn Filmer 0-0: Foul Ball, location: 2F
0-1: DOUBLE (Groundball, 5L, EV 100.6 MPH)
Batting: RHB Zachariah Murdock 0-0: Called Strike
0-1: Ball
1-1: Ball
2-1: Ball
3-1: Called Strike
3-2: Base on Balls
Batting: RHB Shane Binns 0-0: Fly out, F9 (Line Drive, 9, EV 95.6 MPH)
Bottom of the 3rd over - 0 runs, 1 hit, 0 errors, 2 left on base; Adelaide 1 - Morphett Vale 0
TOP OF THE 4TH
Adelaide Crows batting - Pitching for Morphett Vale Red Legs : LHP Reilley Smith
Batting: RHB Bill Hanson 0-0: Ball
1-0: Ball
2-0: Ball
3-0: Called Strike
3-1: Foul Ball, location: 2F
3-2: Foul Ball, location: 23F
3-2: Base on Balls
Batting: RHB J.J. Halloway 0-0: Foul Ball, location: 2F
0-1: Ball
1-1: Called Strike
1-2: Ball
2-2: Strikes out swinging
Batting: SHB Michael Herrick 0-0: Ball
1-0: Ball
2-0: Ball
3-0: Called Strike
3-1: Swinging Strike
3-2: Base on Balls
Bill Hanson to second
Batting: LHB Corin Campkin 0-0: Ball
1-0: Swinging Strike
1-1: Ball
2-1: Ball
3-1: 3-RUN HOME RUN (Flyball, 89XD, EV 101.3 MPH), Distance : 404 ft
Batting: RHB Bob Bentall 0-0: Called Strike
0-1: Swinging Strike
0-2: Hit by Pitch
Batting: RHB Vic Hopoate 0-0: Called Strike
0-1: Ball
1-1: Called Strike
1-2: Ball
Pickoff Throw by Catcher to First - Error! E2
Bob Bentall to second
2-2: Foul Ball, location: 9LMF
2-2: Strikes out swinging
Batting: LHB Brad Carne 0-0: Called Strike
0-1: Foul Ball, location: 7LDF
0-2: Foul Ball, location: 2F
0-2: Foul Ball, location: 2F
0-2: Ground out 6-3 (Groundball, 6, EV 90.6 MPH)
Top of the 4th over - 3 runs, 1 hit, 1 error, 1 left on base; Adelaide 4 - Morphett Vale 0
BOTTOM OF THE 4TH
Morphett Vale Red Legs batting - Pitching for Adelaide Crows : RHP Kurt Roberts
Batting: RHB Rutger Mayor 0-0: Called Strike
0-1: Ball
1-1: Hit by Pitch
Batting: RHB Ray Flynn 0-0: Ball
Rutger Mayor steals 2nd base
1-0: Ground out U3 (Groundball, 34, EV 90.0 MPH)
Rutger Mayor to third
Batting: LHB Johnny Dallin 0-0: Ball
1-0: Fly out, F8 (Flyball, 78D, EV 95.0 MPH)
Runner from 3rd tags up, SCORES, throw by CF
Batting: RHB Braith O'Malley 0-0: Swinging Strike
0-1: Ball
1-1: Swinging Strike
1-2: Strikes out swinging
Bottom of the 4th over - 1 run, 0 hits, 0 errors, 0 left on base; Adelaide 4 - Morphett Vale 1
TOP OF THE 5TH
Adelaide Crows batting - Pitching for Morphett Vale Red Legs : LHP Reilley Smith
Batting: RHB Kip Mackay 0-0: Fly out, F7 (Flyball, 78M, EV 80.0 MPH)
Batting: LHB Terry Ricketts 0-0: Ball
1-0: Ball
2-0: Called Strike
2-1: Ball
3-1: Swinging Strike
3-2: Strikes out looking
Batting: RHB Bill Hanson 0-0: Ball
1-0: Called Strike
1-1: Ball
2-1: Ground out U3 (Groundball, 3L, EV 98.1 MPH)
Top of the 5th over - 0 runs, 0 hits, 0 errors, 0 left on base; Adelaide 4 - Morphett Vale 1
BOTTOM OF THE 5TH
Morphett Vale Red Legs batting - Pitching for Adelaide Crows : RHP Kurt Roberts
Batting: LHB Hughie Edge 0-0: Ball
1-0: Ball
2-0: Ball
3-0: Called Strike
3-1: SINGLE (Line Drive, 56D, EV 100.0 MPH)
Batting: RHB Ben Butler 0-0: Hit by Pitch
Hughie Edge to second
Batting: RHB Lyn Filmer 0-0: Grounds into double play, 4-6-3 (Groundball, 34, EV 106.9 MPH)
Hughie Edge to third
Batting: RHB Zachariah Murdock 0-0: Called Strike
0-1: Fly out, F8 (Flyball, 8RD, EV 80.0 MPH)
Bottom of the 5th over - 0 runs, 1 hit, 0 errors, 1 left on base; Adelaide 4 - Morphett Vale 1
TOP OF THE 6TH
Adelaide Crows batting - Pitching for Morphett Vale Red Legs : LHP Reilley Smith
Batting: RHB J.J. Halloway 0-0: Called Strike
0-1: Called Strike
0-2: Ball
1-2: Ground out 5-3 (Groundball, 5, EV 104.4 MPH)
Batting: SHB Michael Herrick 0-0: Swinging Strike
0-1: Ball
1-1: Swinging Strike
1-2: Foul Ball, location: 3FF
1-2: Ball
2-2: Ball
3-2: Base on Balls
Pitching: LHP Jered Cannell
Batting: LHB Corin Campkin 0-0: SINGLE (Groundball, 34, EV 91.9 MPH)
Michael Herrick to second
Runner from 2nd tries for 3rd, SAFE, throw by RF made to third
Corin Campkin to second
Batting: RHB Bob Bentall 0-0: Ground out 5-3 (Groundball, 56S, EV 83.8 MPH)
Michael Herrick scores
Batting: RHB Vic Hopoate 0-0: Swinging Strike
0-1: Foul Ball, location: 23FF
0-2: Strikes out swinging
Top of the 6th over - 1 run, 1 hit, 0 errors, 1 left on base; Adelaide 5 - Morphett Vale 1
BOTTOM OF THE 6TH
Morphett Vale Red Legs batting - Pitching for Adelaide Crows : RHP Kurt Roberts
Batting: RHB Shane Binns 0-0: Ball
1-0: Foul Ball, location: 7LDF
1-1: Ground out 4-3 (Groundball, 4, EV 85.6 MPH)
Batting: RHB Rutger Mayor 0-0: Ball
1-0: Ball
2-0: Foul Ball, location: 5FF
2-1: Ground out U3 (Groundball, 3S, EV 90.0 MPH)
Batting: RHB Ray Flynn 0-0: Ball
1-0: Called Strike
1-1: Foul Ball, location: 25F
1-2: Ground out 6-3 (Groundball, 6M, EV 102.5 MPH)
Bottom of the 6th over - 0 runs, 0 hits, 0 errors, 0 left on base; Adelaide 5 - Morphett Vale 1
TOP OF THE 7TH
Adelaide Crows batting - Pitching for Morphett Vale Red Legs : LHP Jered Cannell
Batting: LHB Brad Carne 0-0: Ball
1-0: Ground out U3 (Groundball, 3S, EV 68.1 MPH)
Batting: RHB Kip Mackay 0-0: Ball
1-0: Called Strike
1-1: Ball
2-1: Foul Ball, location: 9LSFF
2-2: Ball
3-2: Base on Balls
Batting: LHB Terry Ricketts 0-0: Ball
1-0: Ball
2-0: Called Strike
2-1: Ball
3-1: Swinging Strike
3-2: Base on Balls
Kip Mackay to second
Batting: RHB Bill Hanson 0-0: Swinging Strike
0-1: Ball
1-1: Ball
2-1: Foul Ball, location: 7LSF
2-2: Ball
3-2: Foul Ball, location: 5F
3-2: Foul Ball, location: 2F
3-2: Base on Balls
Kip Mackay to third
Terry Ricketts to second
Batting: RHB J.J. Halloway 0-0: Called Strike
0-1: SINGLE (Groundball, 6M, EV 88.1 MPH) (infield hit)
Kip Mackay scores
Terry Ricketts to third
Bill Hanson to second
Batting: SHB Michael Herrick 0-0: Ball
1-0: Ball
2-0: Called Strike
2-1: Swinging Strike
2-2: Strikes out looking
Batting: LHB Corin Campkin 0-0: Ball
1-0: DOUBLE (Line Drive, 89XD, EV 108.1 MPH)
Terry Ricketts scores
Bill Hanson scores
J.J. Halloway to third
Runner from 3rd tries for Home, SAFE, no throw by CF
Batting: RHB Bob Bentall 0-0: Fly out, F9 (Flyball, 9, EV 96.9 MPH)
Top of the 7th over - 4 runs, 2 hits, 0 errors, 1 left on base; Adelaide 9 - Morphett Vale 1
BOTTOM OF THE 7TH
Morphett Vale Red Legs batting - Pitching for Adelaide Crows : RHP Kurt Roberts
Batting: LHB Johnny Dallin 0-0: Called Strike
0-1: Ball
1-1: Ball
2-1: SINGLE (Groundball, 6MS, EV 64.4 MPH) (infield hit)
Batting: RHB Braith O'Malley 0-0: Ball
Wild Pitch!
Johnny Dallin to second
1-0: Fly out, F9 (Flyball, 89D, EV 100.0 MPH)
Batting: LHB Hughie Edge 0-0: Ball
1-0: Ball
2-0: Foul Ball, location: 7LMF
2-1: Ball
3-1: Called Strike
3-2: SINGLE (Line Drive, 89S, EV 100.6 MPH)
Johnny Dallin to third
Batting: RHB Ben Butler 0-0: Called Strike
Hughie Edge steals 2nd base (no throw)
0-1: Ball
1-1: SINGLE (Line Drive, 3D, EV 99.4 MPH)
Johnny Dallin scores
Hughie Edge to third
Runner from 3rd tries for Home, SAFE, throw by RF to home
Batting: RHB Lyn Filmer 0-0: Ball
1-0: Swinging Strike
1-1: Grounds into double play, 4-6-3 (Groundball, 34S, EV 83.1 MPH)
Bottom of the 7th over - 2 runs, 3 hits, 0 errors, 0 left on base; Adelaide 9 - Morphett Vale 3
TOP OF THE 8TH
Adelaide Crows batting - Pitching for Morphett Vale Red Legs : LHP Jered Cannell
Pitching: RHP Art Grove
Pinch Hitting: RHB Newt Shoebottom 0-0: Called Strike
0-1: Ball
1-1: Called Strike
1-2: Fly out, F7 (Line Drive, 7S, EV 93.8 MPH)
Batting: LHB Brad Carne 0-0: Swinging Strike
0-1: Foul Ball, location: 7LSF
0-2: Foul Ball, location: 2F
0-2: Ground out 6-3 (Groundball, 6, EV 81.9 MPH)
Batting: RHB Kip Mackay 0-0: Fly out, F8 (Line Drive, 8LD, EV 93.8 MPH)
Top of the 8th over - 0 runs, 0 hits, 0 errors, 0 left on base; Adelaide 9 - Morphett Vale 3
BOTTOM OF THE 8TH
Morphett Vale Red Legs batting - Pitching for Adelaide Crows : RHP Kurt Roberts
Now at SS: Newt Shoebottom
Batting: RHB Zachariah Murdock 0-0: Ground out 6-3 (Groundball, 6, EV 106.3 MPH)
Batting: RHB Shane Binns 0-0: Foul Ball, location: 23F
0-1: Ball
1-1: Fly out, F9 (Flyball, 89S, EV 90.6 MPH)
Batting: RHB Rutger Mayor 0-0: Foul Ball, location: 2F
0-1: Foul Ball, location: 3F
0-2: Strikes out swinging
Bottom of the 8th over - 0 runs, 0 hits, 0 errors, 0 left on base; Adelaide 9 - Morphett Vale 3
TOP OF THE 9TH
Adelaide Crows batting - Pitching for Morphett Vale Red Legs : RHP Art Grove
Batting: LHB Terry Ricketts 0-0: Ball
1-0: Foul Ball, location: 3SF
1-1: Ball
2-1: Fly out, F7 (Flyball, 78S, EV 91.3 MPH)
Batting: RHB Bill Hanson 0-0: Called Strike
0-1: Ball
1-1: Ball
2-1: Swinging Strike
2-2: Ball
3-2: Foul Ball, location: 2LF
3-2: Base on Balls
Batting: RHB J.J. Halloway 0-0: Ball
1-0: SINGLE (Line Drive, 9LS, EV 87.5 MPH)
Bill Hanson to second
Batting: SHB Michael Herrick 0-0: DOUBLE (Groundball, 5L, EV 101.9 MPH)
Bill Hanson scores
J.J. Halloway to third
Runner from 3rd tries for Home, SAFE, no throw by LF
Pinch Hitting: RHB Rod Caunce 0-0: Ball
1-0: Ball
2-0: Swinging Strike
2-1: Foul Ball, location: 25F
2-2: Foul Ball, location: 2LF, Error on foul ball, E2
2-2: Strikes out swinging
Batting: RHB Bob Bentall 0-0: Ball
Wild Pitch!
Michael Herrick to third
1-0: Called Strike
1-1: Ball
2-1: Ball
3-1: Base on Balls
Batting: RHB Newt Shoebottom 0-0: Called Strike
0-1: SINGLE (Groundball, 6MD, EV 95.0 MPH)
Michael Herrick scores
Bob Bentall to second
Pinch Hitting: LHB Danny Sims 0-0: Fielders Choice at 2nd, U4 (Groundball, 4M, EV 100.0 MPH)
Top of the 9th over - 3 runs, 3 hits, 1 error, 2 left on base; Adelaide 12 - Morphett Vale 3
BOTTOM OF THE 9TH
Morphett Vale Red Legs batting - Pitching for Adelaide Crows : RHP Kurt Roberts
Now at C: Rod Caunce
Now in LF: D.D. Grieve
Pinch Hitting: SHB Matthew Righton 0-0: Called Strike
0-1: Foul Ball, location: 23F
0-2: Foul Ball, location: 2F
0-2: Ball
1-2: Ball
2-2: Foul Ball, location: 9LDF
2-2: Foul Ball, location: 9LSF
2-2: DOUBLE (Line Drive, 9LM, EV 105.0 MPH)
Pitching: RHP Nick Danvers
Pinch Hitting: RHB Frederick Eckington 0-0: Called Strike
0-1: Ball
1-1: Swinging Strike
1-2: Ball
2-2: Strikes out looking
Pinch Hitting: SHB John Bibby 0-0: Called Strike
0-1: Ball
1-1: Ball
2-1: Ball
3-1: Base on Balls
Batting: LHB Hughie Edge 0-0: Foul Ball, location: 25FF
0-1: DOUBLE (Line Drive, 89M, EV 109.4 MPH)
Matthew Righton scores
John Bibby to third
Pinch Hitting: RHB Jim Killick 0-0: Ball
1-0: Ball
2-0: Ball
3-0: Called Strike
3-1: Base on Balls
Batting: RHB Lyn Filmer 0-0: Swinging Strike
0-1: Foul Ball, location: 9LSF
0-2: Ball
1-2: Ball
2-2: Ball
3-2: Foul Ball, location: 2F
3-2: Foul Ball, location: 2F
3-2: Base on Balls
John Bibby scores
Hughie Edge to third
Jim Killick to second
Pinch Hitting: RHB Jake White 0-0: Grounds into fielders choice 4-2 (Groundball, 4, EV 108.1 MPH)
Jim Killick to third
Lyn Filmer to second
Pinch Hitting: SHB Denan Sturges 0-0: Foul Ball, location: 2F
0-1: Ground out 4-3 (Groundball, 4, EV 86.3 MPH)
Bottom of the 9th over - 2 runs, 2 hits, 0 errors, 3 left on base; Adelaide 12 - Morphett Vale 5
Sunday, May 5th , 2024 - OOTP Baseball 24.9 Build 80